[Event "UZB-ch Men Final 2019"]
[Site "Tashkent"]
[Date "2019.07.02"]
[Round "1.1"]
[White "Iuldachev, Saidali"]
[Black "Saydaliev, Saidakbar"]
[Result "1-0"]
[ECO "B90"]
[WhiteElo "2451"]
[BlackElo "2384"]
[Annotator "ChessBase"]
[PlyCount "69"]
[EventDate "2019.07.02"]
[EventType "tourn"]
[EventCountry "UZB"]
[SourceTitle "playchess.com"]
[Source "ChessBase"]
[SourceQuality "1"]
[TimeControl "5400+30"]

1. e4 c5 2. Nf3 d6 3. d4 cxd4 4. Nxd4 Nf6 5. Nc3 a6 6. Be3 e5 7. Nf3 Be7 8. Bc4 Be6 9. Bb3 O-O 10. O-O b5 11. h3 Nc6 12. Bg5 Nd7 13. Bxe7 Qxe7 14. Nd5 Qd8 15. c3 Na5 16. Re1 Nb6 17. Nxb6 Nxb3 18. axb3 Qxb6 19. Ng5 Bd7 20. Nf3 Rad8 21. b4 Bc6 22. Nh4 g6 23. Qg4 Bd7 24. Nf5 Kh8 25. Qh4 d5 26. Ne7 dxe4 27. Rxe4 Qd6 28. Rae1 Kg7 29. Rxe5 Be6 30. Rh5 Rh8 31. Rc5 Qd2 32. Qe4 Qd6 33. Nc6 Rd7 34. Nd4 Bd5 35. Qg4 1-0

[Event "UZB-ch Men Final 2019"]
[Site "Tashkent"]
[Date "2019.07.02"]
[Round "1.2"]
[White "Sindarov, Javokhir"]
[Black "Rakhimov, Rakhmatjon"]
[Result "1-0"]
[ECO "B57"]
[WhiteElo "2479"]
[BlackElo "2107"]
[Annotator "ChessBase"]
[PlyCount "33"]
[EventDate "2019.07.02"]
[EventType "tourn"]
[EventCountry "UZB"]
[SourceTitle "playchess.com"]
[Source "ChessBase"]
[SourceQuality "1"]
[TimeControl "5400+30"]

1. e4 c5 2. Nf3 Nc6 3. d4 cxd4 4. Nxd4 d6 5. Nc3 Nf6 6. Bc4 g6 7. Nxc6 bxc6 8. e5 Ng4 9. exd6 exd6 10. O-O Bg7 11. Re1+ Be5 12. h3 Qh4 13. Ne4 O-O 14. Bg5 Qh5 15. f4 Ne3 16. Rxe3 Bxb2 17. g4 1-0

[Event "UZB-ch Men Final 2019"]
[Site "Tashkent"]
[Date "2019.07.02"]
[Round "1.3"]
[White "Khoroshev, Nikita"]
[Black "Abdisalimov, Abdimalik"]
[Result "0-1"]
[ECO "A01"]
[WhiteElo "2414"]
[BlackElo "2391"]
[Annotator "NA"]
[PlyCount "84"]
[EventDate "2019.07.02"]
[EventType "tourn"]
[EventCountry "UZB"]
[SourceTitle "playchess.com"]
[Source "ChessBase"]
[SourceQuality "1"]
[TimeControl "5400+30"]

1. b3 d5 2. Bb2 Bg4 3. f3 Bf5 4. e4 dxe4 5. Qe2 exf3 6. Qb5+ Bd7 7. Qxb7 Bc6 8. Bb5 Bxb5 9. Qxb5+ c6 10. Qf1 fxg2 11. Qxg2 Qd5 12. Nf3 Qe4+ 13. Kd1 Nf6 14. Nc3 Qg4 15. Qe2 Nbd7 16. Rg1 Qf4 17. Na4 Rd8 18. c4 g6 19. Kc2 Bg7 20. Nd4 Nb8 21. Rae1 O-O 22. Rgf1 Qh4 23. Nf3 Qh5 24. Qxe7 Qf5+ 25. Kc1 Rde8 26. Bxf6 Rxe7 27. Bxe7 Re8 28. Ne5 Qh3 29. Rf3 Qh5 30. Rxf7 Bxe5 31. Ref1 Nd7 32. Ba3 Qh3 33. R7f3 Qg2 34. R1f2 Qg4 35. h3 Qd4 36. Bb2 Qh4 37. Nc3 Bd4 38. Rg2 Re1+ 39. Kc2 Ne5 40. Rfg3 Bf2 41. Rg5 Nf3 42. R5g4 Nd4+ 0-1

[Event "UZB-ch Men Final 2019"]
[Site "Tashkent"]
[Date "2019.07.02"]
[Round "1.4"]
[White "Nigmatov, Ortik"]
[Black "Dzhumaev, Marat"]
[Result "1/2-1/2"]
[ECO "C55"]
[WhiteElo "2488"]
[BlackElo "2439"]
[Annotator "ChessBase"]
[PlyCount "88"]
[EventDate "2019.07.02"]
[EventType "tourn"]
[EventCountry "UZB"]
[SourceTitle "playchess.com"]
[Source "ChessBase"]
[SourceQuality "1"]
[TimeControl "5400+30"]

1. e4 e5 2. Nf3 Nc6 3. Bc4 Nf6 4. d3 Be7 5. O-O O-O 6. Re1 d6 7. a4 a6 8. c3 Na5 9. Ba2 c5 10. h3 Bd7 11. d4 Qc7 12. Bg5 b5 13. Nbd2 cxd4 14. cxd4 bxa4 15. Nf1 Ra7 16. Ne3 Qb8 17. Nd5 Nxd5 18. Bxd5 Bxg5 19. Nxg5 Bc6 20. dxe5 dxe5 21. Rc1 Bxd5 22. exd5 h6 23. Nf3 Nb3 24. Rc4 Re8 25. Qd3 Qb5 26. Rxe5 Raa8 27. Rxe8+ Rxe8 28. d6 Rd8 29. Qe4 Qb8 30. d7 Rxd7 31. g4 Rd8 32. g5 Qd6 33. h4 Nd2 34. Nxd2 Qxd2 35. gxh6 Qxh6 36. Rxa4 Rd6 37. Qe3 Qh5 38. Kh2 Kh7 39. Rf4 Rg6 40. Qf3 Qe5 41. Qe4 Qxe4 42. Rxe4 Kh6 43. Rf4 Rb6 44. Rxf7 Rxb2 1/2-1/2

[Event "UZB-ch Men Final 2019"]
[Site "Tashkent"]
[Date "2019.07.02"]
[Round "1.5"]
[White "Yakubboev, Nodirbek"]
[Black "Sabirov, Asilbek"]
[Result "1-0"]
[ECO "A06"]
[WhiteElo "2575"]
[BlackElo "2147"]
[Annotator "ChessBase"]
[PlyCount "86"]
[EventDate "2019.07.02"]
[EventType "tourn"]
[EventCountry "UZB"]
[SourceTitle "playchess.com"]
[Source "ChessBase"]
[SourceQuality "1"]
[TimeControl "5400+30"]

1. Nf3 d5 2. c4 c6 3. e3 Nf6 4. Nc3 e6 5. b3 Be7 6. Bb2 Nbd7 7. d4 Ne4 8. Bd3 f5 9. O-O O-O 10. Ne2 Rf6 11. Ne5 Rh6 12. cxd5 exd5 13. f3 Nd6 14. Qc2 Qb6 15. Kh1 Qd8 16. Ng3 g6 17. e4 f4 18. Ne2 g5 19. Ng4 Rh4 20. e5 Ne8 21. Bc3 Nf8 22. Be1 Rxg4 23. fxg4 Bxg4 24. g3 f3 25. Ng1 Ng7 26. Nxf3 Nge6 27. Bc3 c5 28. dxc5 Bxc5 29. Qg2 Qe7 30. Rae1 Rd8 31. h3 Bh5 32. Nh2 Bb4 33. Qd2 Bxc3 34. Qxc3 d4 35. Qd2 Bg6 36. Ng4 Kg7 37. Rf6 Rc8 38. Bxg6 Nxg6 39. Ref1 Rc7 40. Qd3 Qc5 41. Qf5 Qd5+ 42. Kg1 Nef4 43. gxf4 Qd8 1-0

[Event "UZB-ch Men Final 2019"]
[Site "Tashkent"]
[Date "2019.07.02"]
[Round "1.6"]
[White "Vokhidov, Shamsiddin"]
[Black "Abdusattorov, Nodirbek"]
[Result "1-0"]
[ECO "B90"]
[WhiteElo "2515"]
[BlackElo "2598"]
[Annotator "ChessBase"]
[PlyCount "53"]
[EventDate "2019.07.02"]
[EventType "tourn"]
[EventCountry "UZB"]
[SourceTitle "playchess.com"]
[Source "ChessBase"]
[SourceQuality "1"]
[TimeControl "5400+30"]

1. e4 c5 2. Nf3 d6 3. d4 Nf6 4. Nc3 cxd4 5. Nxd4 a6 6. h3 e5 7. Nde2 b5 8. Ng3 Bb7 9. Bg5 Nbd7 10. Nh5 Rc8 11. a4 b4 12. Nd5 Qa5 13. Bxf6 Nxf6 14. Ndxf6+ gxf6 15. Bd3 f5 16. O-O f4 17. Qg4 Qd8 18. a5 Rc5 19. Qf5 Bh6 20. Nf6+ Ke7 21. Ng4 Bg7 22. Qg5+ Ke6 23. Qxg7 h5 24. Nh6 Qf8 25. Qxf8 Rxf8 26. Ra4 Bc6 27. Rxb4 1-0

[Event "UZB-ch Men Final 2019"]
[Site "Tashkent"]
[Date "2019.07.03"]
[Round "2.1"]
[White "Sabirov, Asilbek"]
[Black "Vokhidov, Shamsiddin"]
[Result "1-0"]
[ECO "B26"]
[WhiteElo "2147"]
[BlackElo "2515"]
[Annotator "ChessBase"]
[PlyCount "78"]
[EventDate "2019.07.02"]
[EventType "tourn"]
[EventCountry "UZB"]
[SourceTitle "playchess.com"]
[Source "ChessBase"]
[SourceQuality "1"]
[TimeControl "5400+30"]

1. e4 c5 2. Nc3 Nc6 3. g3 g6 4. Bg2 Bg7 5. d3 d6 6. Be3 Nf6 7. h3 O-O 8. Nge2 Rb8 9. Qd2 b5 10. O-O b4 11. Nd1 a5 12. f4 Nd7 13. c4 a4 14. Rb1 e6 15. g4 Nd4 16. g5 Bb7 17. h4 f5 18. Nf2 Qe7 19. Rbe1 b3 20. Bxd4 cxd4 21. axb3 axb3 22. exf5 gxf5 23. Bxb7 Rxb7 24. Ng3 Nc5 25. Qe2 Qe8 26. Qf3 Ra7 27. h5 Qa8 28. Qe2 h6 29. Nh3 Ra2 30. Kh2 Kh8 31. Rg1 Qb7 32. Rd1 e5 33. gxh6 Bxh6 34. fxe5 Be3 35. exd6 f4 36. Nxf4 Rxf4 37. Ne4 Nxe4 38. dxe4 Rf2+ 39. Qxf2 Bxf2 1-0

[Event "UZB-ch Men Final 2019"]
[Site "Tashkent"]
[Date "2019.07.03"]
[Round "2.2"]
[White "Dzhumaev, Marat"]
[Black "Yakubboev, Nodirbek"]
[Result "0-1"]
[ECO "C65"]
[WhiteElo "2439"]
[BlackElo "2575"]
[Annotator "ChessBase"]
[PlyCount "90"]
[EventDate "2019.07.02"]
[EventType "tourn"]
[EventCountry "UZB"]
[SourceTitle "playchess.com"]
[Source "ChessBase"]
[SourceQuality "1"]
[TimeControl "5400+30"]

1. e4 e5 2. Nf3 Nc6 3. Bb5 Nf6 4. Qe2 Bc5 5. c3 O-O 6. d3 d5 7. Bg5 dxe4 8. dxe4 Qe7 9. Bxc6 bxc6 10. Nbd2 a5 11. O-O Ba6 12. c4 a4 13. Rfc1 Rfd8 14. a3 Bc8 15. h3 h6 16. Bh4 g5 17. Bg3 Nd7 18. b4 axb3 19. Nxb3 Rxa3 20. Nxc5 Rxa1 21. Rxa1 Qxc5 22. Nh2 Nf8 23. Qh5 Kg7 24. h4 f6 25. Ra8 Ng6 26. Rxc8 Rxc8 27. Ng4 Rh8 28. Ne3 Ne7 29. Kh2 Qd6 30. Qg4 h5 31. Qe2 g4 32. Qa2 Qd4 33. Qc2 Rd8 34. c5 Qd3 35. Qa4 Kg6 36. Qb4 Qd4 37. Qb1 Qxc5 38. Qb3 Qd4 39. Qe6 Qd6 40. Qb3 Kg7 41. Qa2 c5 42. Qa5 Qc6 43. Nc4 Rd4 44. Nd2 c4 45. Qc3 Qd6 0-1

[Event "UZB-ch Men Final 2019"]
[Site "Tashkent"]
[Date "2019.07.03"]
[Round "2.3"]
[White "Abdisalimov, Abdimalik"]
[Black "Nigmatov, Ortik"]
[Result "1-0"]
[ECO "A18"]
[WhiteElo "2391"]
[BlackElo "2488"]
[Annotator "ChessBase"]
[PlyCount "97"]
[EventDate "2019.07.02"]
[EventType "tourn"]
[EventCountry "UZB"]
[SourceTitle "playchess.com"]
[Source "ChessBase"]
[SourceQuality "1"]
[TimeControl "5400+30"]

1. c4 Nf6 2. Nc3 e6 3. e4 d5 4. cxd5 exd5 5. e5 Ne4 6. d4 Nc6 7. Bb5 Bb4 8. Nge2 O-O 9. O-O f5 10. f3 Nxc3 11. bxc3 Be7 12. c4 Kh8 13. Qa4 a5 14. Rd1 Rb8 15. Rb1 Na7 16. Qxa5 Nxb5 17. cxb5 g5 18. Ba3 b6 19. Bxe7 Qxe7 20. Qb4 Qg7 21. Rbc1 Rf7 22. Ng3 Qg6 23. Rc6 Be6 24. Rf1 f4 25. Nh5 Qxh5 26. Rxe6 g4 27. fxg4 Qxg4 28. Rf6 Qe2 29. Rxf7 Rg8 30. Rxh7+ Kxh7 31. Qe7+ Rg7 32. Qh4+ Kg8 33. Qf2 Qe4 34. Re1 Qf5 35. e6 Qf6 36. Re5 f3 37. e7 Rxe7 38. Qxf3 Qxf3 39. gxf3 Rf7 40. Kf2 Rh7 41. Kg3 Rg7+ 42. Kf4 Rh7 43. Rxd5 Rxh2 44. Rd7 Rxa2 45. Rxc7 Rb2 46. d5 Kf8 47. Ke5 Ke8 48. Ke6 Kd8 49. Rh7 1-0

[Event "UZB-ch Men Final 2019"]
[Site "Tashkent"]
[Date "2019.07.03"]
[Round "2.5"]
[White "Saydaliev, Saidakbar"]
[Black "Sindarov, Javokhir"]
[Result "1/2-1/2"]
[ECO "A39"]
[WhiteElo "2384"]
[BlackElo "2479"]
[Annotator "ChessBase"]
[PlyCount "44"]
[EventDate "2019.07.02"]
[EventType "tourn"]
[EventCountry "UZB"]
[SourceTitle "playchess.com"]
[Source "ChessBase"]
[SourceQuality "1"]
[TimeControl "5400+30"]

1. c4 c5 2. Nf3 Nf6 3. Nc3 g6 4. g3 Bg7 5. Bg2 O-O 6. O-O Nc6 7. d4 cxd4 8. Nxd4 Qa5 9. e3 d6 10. Bxc6 bxc6 11. Nxc6 Qc7 12. Nd5 Nxd5 13. cxd5 Bb7 14. Bd2 Rfc8 15. Qc2 Bxc6 16. Rfc1 Bxb2 17. Qxb2 Qb7 18. Qxb7 Bxb7 19. e4 Rxc1+ 20. Rxc1 Rc8 21. Rxc8+ Bxc8 22. f3 f6 1/2-1/2

[Event "UZB-ch Men Final 2019"]
[Site "Tashkent"]
[Date "2019.07.03"]
[Round "2.6"]
[White "Karimov, Ibragim"]
[Black "Iuldachev, Saidali"]
[Result "1/2-1/2"]
[ECO "A04"]
[WhiteElo "2211"]
[BlackElo "2451"]
[Annotator "ChessBase"]
[PlyCount "34"]
[EventDate "2019.07.02"]
[EventType "tourn"]
[EventCountry "UZB"]
[SourceTitle "playchess.com"]
[Source "ChessBase"]
[SourceQuality "1"]
[TimeControl "5400+30"]

1. Nf3 Nc6 2. d4 d5 3. Bf4 Nf6 4. e3 a6 5. c4 Bf5 6. Nc3 e6 7. c5 Be7 8. Bd3 Bxd3 9. Qxd3 O-O 10. Ne5 Nxe5 11. Bxe5 Nd7 12. Bg3 f5 13. f3 c6 14. O-O e5 15. Bxe5 Nxe5 16. dxe5 Bxc5 17. Kh1 Qe7 1/2-1/2

[Event "UZB-ch Men Final 2019"]
[Site "Tashkent"]
[Date "2019.07.04"]
[Round "3.1"]
[White "Sindarov, Javokhir"]
[Black "Karimov, Ibragim"]
[Result "1-0"]
[ECO "B24"]
[WhiteElo "2479"]
[BlackElo "2211"]
[Annotator "ChessBase"]
[PlyCount "105"]
[EventDate "2019.07.02"]
[EventType "tourn"]
[EventCountry "UZB"]
[SourceTitle "playchess.com"]
[Source "ChessBase"]
[SourceQuality "1"]
[TimeControl "5400+30"]

1. e4 c5 2. Nc3 Nc6 3. Nf3 d6 4. d4 cxd4 5. Nxd4 g6 6. Be3 Bg7 7. Qd2 Nf6 8. f3 h5 9. Bc4 Bd7 10. O-O O-O 11. Rfe1 Nxd4 12. Bxd4 Bc6 13. a4 a5 14. Kh1 Nd7 15. Bxg7 Kxg7 16. f4 Qb6 17. b3 Nf6 18. Nd5 Bxd5 19. exd5 Rac8 20. Rxe7 Rfe8 21. Rae1 Rxe7 22. Rxe7 Re8 23. Rxe8 Nxe8 24. h3 Nf6 25. Kh2 Ne4 26. Qe2 f5 27. Bd3 Qd4 28. Bxe4 fxe4 29. Qc4 Qf2 30. Qxe4 h4 31. Qe7+ Kg8 32. Qg5 Kf7 33. Qg4 b6 34. c3 Kf6 35. b4 Kf7 36. bxa5 bxa5 37. c4 Kf6 38. c5 dxc5 39. Qg5+ Kf7 40. d6 Ke6 41. Qe5+ Kd7 42. f5 Qg3+ 43. Qxg3 hxg3+ 44. Kxg3 gxf5 45. Kf4 Kxd6 46. Kxf5 Kd5 47. g4 c4 48. g5 c3 49. g6 c2 50. g7 c1=Q 51. g8=Q+ Kd4 52. Qd8+ Kc3 53. Qc7+ 1-0

[Event "UZB-ch Men Final 2019"]
[Site "Tashkent"]
[Date "2019.07.04"]
[Round "3.2"]
[White "Khoroshev, Nikita"]
[Black "Saydaliev, Saidakbar"]
[Result "1/2-1/2"]
[ECO "A01"]
[WhiteElo "2414"]
[BlackElo "2384"]
[Annotator "NA"]
[PlyCount "38"]
[EventDate "2019.07.02"]
[EventType "tourn"]
[EventCountry "UZB"]
[SourceTitle "playchess.com"]
[Source "ChessBase"]
[SourceQuality "1"]
[TimeControl "5400+30"]

1. b3 e5 2. Bb2 Nc6 3. e3 Nf6 4. Nf3 e4 5. Nd4 Nxd4 6. Bxd4 Be7 7. c4 b6 8. Nc3 Bb7 9. Qc2 O-O 10. Rd1 Re8 11. Be2 c5 12. Be5 d6 13. Bxf6 Bxf6 14. O-O Bxc3 15. Qxc3 Qg5 16. f4 Qe7 17. d4 exd3 18. Rxd3 Be4 19. Rd2 Rad8 1/2-1/2

[Event "UZB-ch Men Final 2019"]
[Site "Tashkent"]
[Date "2019.07.04"]
[Round "3.3"]
[White "Nigmatov, Ortik"]
[Black "Rakhimov, Rakhmatjon"]
[Result "1-0"]
[ECO "B09"]
[WhiteElo "2488"]
[BlackElo "2107"]
[Annotator "ChessBase"]
[PlyCount "93"]
[EventDate "2019.07.02"]
[EventType "tourn"]
[EventCountry "UZB"]
[SourceTitle "playchess.com"]
[Source "ChessBase"]
[SourceQuality "1"]
[TimeControl "5400+30"]

1. e4 d6 2. d4 Nf6 3. Nc3 g6 4. f4 Bg7 5. Bd3 O-O 6. Nf3 c5 7. dxc5 dxc5 8. e5 Nd5 9. Nxd5 Qxd5 10. Qe2 Bf5 11. Bxf5 gxf5 12. Be3 Na6 13. O-O Rfd8 14. Rfd1 Qc6 15. c4 h6 16. Qc2 Nb4 17. Qc3 Qe4 18. Nd2 Qc6 19. Nf1 b6 20. a3 Na6 21. Ng3 e6 22. Bf2 Kh7 23. Rd3 Rd7 24. Rad1 Rad8 25. Nh5 Nc7 26. Bh4 Rxd3 27. Rxd3 Rd7 28. Qd2 Rxd3 29. Qxd3 Ne8 30. g4 Kg6 31. Ng3 Qc8 32. Qd1 f6 33. gxf5+ Kh7 34. Qd3 Kh8 35. Nh5 exf5 36. exf6 Bf8 37. Qd5 Nc7 38. Qe5 Qe8 39. Ng3 Qd7 40. Nxf5 Ne6 41. Qd5 Qf7 42. Ne7 Bxe7 43. fxe7 Qg6+ 44. Bg3 Ng7 45. f5 Qf6 46. e8=Q+ Nxe8 47. Be5 1-0

[Event "UZB-ch Men Final 2019"]
[Site "Tashkent"]
[Date "2019.07.04"]
[Round "3.4"]
[White "Yakubboev, Nodirbek"]
[Black "Abdisalimov, Abdimalik"]
[Result "0-1"]
[ECO "B51"]
[WhiteElo "2575"]
[BlackElo "2391"]
[Annotator "ChessBase"]
[PlyCount "102"]
[EventDate "2019.07.02"]
[EventType "tourn"]
[EventCountry "UZB"]
[SourceTitle "playchess.com"]
[Source "ChessBase"]
[SourceQuality "1"]
[TimeControl "5400+30"]

1. e4 c5 2. Nf3 d6 3. Bb5+ Nd7 4. Ba4 Ngf6 5. O-O a6 6. c4 e6 7. Nc3 Be7 8. d3 O-O 9. a3 b6 10. b4 Bb7 11. Bf4 d5 12. cxd5 exd5 13. e5 Nh5 14. Bd2 b5 15. Bc2 cxb4 16. axb4 Bxb4 17. d4 g6 18. Bd3 Be7 19. Bh6 Re8 20. h4 Qb6 21. Qb3 Qe6 22. Ne2 Qg4 23. Be3 Nb6 24. Nh2 Qe6 25. g4 Ng7 26. Bh6 Nc4 27. f4 f5 28. Bxg7 Kxg7 29. gxf5 gxf5 30. Nf3 h6 31. Kf2 Kh8 32. Rh1 Rg8 33. Ng5 Qg6 34. Rag1 Raf8 35. Qc2 Bc8 36. Nf3 Qf7 37. Ng5 Qg6 38. Nf3 Qb6 39. Rxg8+ Rxg8 40. Ng3 Rg4 41. Qc1 Ba3 42. Qc2 Rxf4 43. Ne2 Rg4 44. Bxc4 dxc4 45. h5 Qc6 46. Qd2 Bb7 47. Rh3 Be7 48. Nf4 Bg5 49. Ng6+ Qxg6 50. hxg6 Bxd2 51. Nxd2 Rxd4 0-1

[Event "UZB-ch Men Final 2019"]
[Site "Tashkent"]
[Date "2019.07.04"]
[Round "3.5"]
[White "Vokhidov, Shamsiddin"]
[Black "Dzhumaev, Marat"]
[Result "0-1"]
[ECO "C55"]
[WhiteElo "2515"]
[BlackElo "2439"]
[Annotator "ChessBase"]
[PlyCount "124"]
[EventDate "2019.07.02"]
[EventType "tourn"]
[EventCountry "UZB"]
[SourceTitle "playchess.com"]
[Source "ChessBase"]
[SourceQuality "1"]
[TimeControl "5400+30"]

1. e4 e5 2. Nf3 Nc6 3. Bc4 Nf6 4. d3 Be7 5. O-O O-O 6. Re1 a6 7. a4 d6 8. c3 h6 9. h3 Nh7 10. Be3 Bg5 11. Nxg5 Nxg5 12. Qh5 Qf6 13. Nd2 Kh7 14. h4 Ne6 15. g3 Qg6 16. Qxg6+ fxg6 17. b4 Bd7 18. Kg2 b6 19. Rf1 Rf6 20. f3 Rff8 21. f4 Rf6 22. Rf2 Raf8 23. Raf1 exf4 24. gxf4 Ne7 25. Bb3 Bc6 26. Kh2 d5 27. Bc2 Kg8 28. Kg3 Bb7 29. Nb3 Nc8 30. Kh2 R6f7 31. h5 gxh5 32. f5 Ng5 33. Nd4 c5 34. bxc5 bxc5 35. Nf3 Nxf3+ 36. Rxf3 c4 37. Rg3 Re8 38. Bd1 h4 39. Rgg1 dxe4 40. Bh5 exd3 41. Bxf7+ Kxf7 42. Bd4 Rg8 43. Rb1 Bf3 44. Rbf1 Be2 45. Rb1 Ne7 46. Rb7 d2 47. Bc5 Re8 48. Bd4 d1=Q 49. Rxg7+ Kf8 50. Rh7 Qxd4 51. cxd4 Bd3 52. Rxh6 Kg7 53. Rxa6 Bxf5 54. d5 Bc8 55. Ra8 Bxb7 56. Rxe8 Nxd5 57. Re4 c3 58. Rxh4 Ba6 59. Kg3 c2 60. Rh1 Nc3 61. Re1 Kf6 62. Rh1 Nd1 0-1

[Event "UZB-ch Men Final 2019"]
[Site "Tashkent"]
[Date "2019.07.04"]
[Round "3.6"]
[White "Abdusattorov, Nodirbek"]
[Black "Sabirov, Asilbek"]
[Result "1-0"]
[ECO "D56"]
[WhiteElo "2598"]
[BlackElo "2147"]
[Annotator "ChessBase"]
[PlyCount "61"]
[EventDate "2019.07.02"]
[EventType "tourn"]
[EventCountry "UZB"]
[SourceTitle "playchess.com"]
[Source "ChessBase"]
[SourceQuality "1"]
[TimeControl "5400+30"]

1. d4 Nf6 2. c4 e6 3. Nf3 d5 4. Nc3 Be7 5. Bg5 h6 6. Bh4 O-O 7. e3 Nbd7 8. cxd5 exd5 9. Bd3 c6 10. Qc2 Re8 11. O-O b6 12. Bg3 Bb7 13. h3 Bf8 14. Rad1 Rc8 15. Bh4 Bd6 16. Bf5 g5 17. Bg3 Bxg3 18. fxg3 Qe7 19. Rde1 Rcd8 20. h4 Kg7 21. hxg5 hxg5 22. Nxg5 Rh8 23. e4 Nh5 24. Nxf7 Qxf7 25. Qd2 Qf6 26. Bh7 Kxh7 27. Rxf6 Nhxf6 28. e5 Nh5 29. Qg5 Ng7 30. e6 Rhe8 31. Rf1 1-0

[Event "UZB-ch Men Final 2019"]
[Site "Tashkent"]
[Date "2019.07.05"]
[Round "4.1"]
[White "Dzhumaev, Marat"]
[Black "Abdusattorov, Nodirbek"]
[Result "1/2-1/2"]
[ECO "E06"]
[WhiteElo "2439"]
[BlackElo "2598"]
[Annotator "ChessBase"]
[PlyCount "77"]
[EventDate "2019.07.02"]
[EventType "tourn"]
[EventCountry "UZB"]
[SourceTitle "playchess.com"]
[Source "ChessBase"]
[SourceQuality "1"]
[TimeControl "5400+30"]

1. c4 Nf6 2. d4 e6 3. g3 d5 4. Nf3 Be7 5. Bg2 O-O 6. O-O dxc4 7. Qc2 a6 8. a4 Bd7 9. Qxc4 Bc6 10. Bg5 Bd5 11. Qd3 c5 12. dxc5 Nbd7 13. Nc3 Nxc5 14. Qe3 Qa5 15. Rab1 Qb4 16. Rfd1 Bxf3 17. Rd4 Qb3 18. Bxf3 Rac8 19. a5 Qc2 20. Rdd1 h6 21. Bf4 Rfd8 22. Rxd8+ Rxd8 23. Be5 Nfd7 24. Rd1 Bg5 25. Bf4 Bxf4 26. Qxf4 Qxb2 27. Ne4 Rf8 28. Nd6 Ne5 29. Bh5 g6 30. Qxh6 Rd8 31. Kg2 Nc6 32. Nc4 Qf6 33. Rxd8+ Qxd8 34. Bxg6 fxg6 35. Qxg6+ Kf8 36. Qh6+ Kg8 37. Qg6+ Kf8 38. Qh6+ Kg8 39. Qg6+ 1/2-1/2

[Event "UZB-ch Men Final 2019"]
[Site "Tashkent"]
[Date "2019.07.05"]
[Round "4.2"]
[White "Abdisalimov, Abdimalik"]
[Black "Vokhidov, Shamsiddin"]
[Result "0-1"]
[ECO "B24"]
[WhiteElo "2391"]
[BlackElo "2515"]
[Annotator "ChessBase"]
[PlyCount "116"]
[EventDate "2019.07.02"]
[EventType "tourn"]
[EventCountry "UZB"]
[SourceTitle "playchess.com"]
[Source "ChessBase"]
[SourceQuality "1"]
[TimeControl "5400+30"]

1. e4 c5 2. Nc3 Nc6 3. Bb5 Nd4 4. Bc4 a6 5. Nge2 b5 6. Bd5 Rb8 7. Nxd4 cxd4 8. Ne2 Nf6 9. Nxd4 Qb6 10. Ne2 Nxd5 11. exd5 Bb7 12. Nf4 Qd4 13. d3 g5 14. c3 Qe5+ 15. Qe2 Qxe2+ 16. Nxe2 Bxd5 17. Bxg5 Bxg2 18. Rg1 Bc6 19. Kd2 f6 20. Be3 Kf7 21. Nd4 Bd5 22. Nf5 h5 23. Nh4 Rh7 24. Ng6 Bg7 25. Nf4 Bc6 26. b4 h4 27. Ne2 d6 28. Nd4 Bd7 29. f4 Rh5 30. Raf1 e6 31. a3 Rc8 32. Rf2 Bf8 33. Rfg2 Rh7 34. Re2 Rg7 35. Rc1 Rg4 36. Rf2 Bh6 37. Ke2 Re8 38. Kd2 Reg8 39. Ke2 Rg2 40. Rcf1 Bf8 41. Rxg2 Rxg2+ 42. Rf2 Rg4 43. h3 Rg3 44. Rh2 e5 45. Nf3 Bh6 46. Bf2 Rxf3 47. Kxf3 Bxf4 48. Kg2 f5 49. c4 Bxh2 50. Kxh2 f4 51. c5 d5 52. Bxh4 d4 53. Bd8 Bf5 54. Bc7 Ke6 55. h4 Bxd3 56. h5 Be4 57. Kg1 Bf3 58. h6 d3 0-1

[Event "UZB-ch Men Final 2019"]
[Site "Tashkent"]
[Date "2019.07.05"]
[Round "4.3"]
[White "Rakhimov, Rakhmatjon"]
[Black "Yakubboev, Nodirbek"]
[Result "1/2-1/2"]
[ECO "A85"]
[WhiteElo "2107"]
[BlackElo "2575"]
[Annotator "ChessBase"]
[PlyCount "133"]
[EventDate "2019.07.02"]
[EventType "tourn"]
[EventCountry "UZB"]
[SourceTitle "playchess.com"]
[Source "ChessBase"]
[SourceQuality "1"]
[TimeControl "5400+30"]

1. d4 f5 2. c4 Nf6 3. Nc3 d6 4. g3 g6 5. Bg2 Bg7 6. Nf3 O-O 7. O-O Qe8 8. Nd5 Nxd5 9. cxd5 Nd7 10. Qb3 Nb6 11. Rd1 Bd7 12. Qc2 Nxd5 13. Ng5 c6 14. Qb3 h6 15. Nh3 b6 16. Bxd5+ cxd5 17. Qxd5+ Kh8 18. Nf4 g5 19. Ng2 Bc6 20. Qe6 Rf6 21. Qe3 e5 22. d5 f4 23. Qe4 Bd7 24. f3 Qh5 25. Bd2 Qh3 26. Be1 Raf8 27. Rac1 Bf5 28. Qa4 e4 29. Rc7 exf3 30. exf3 fxg3 31. hxg3 Bg6 32. Bc3 R6f7 33. Bxg7+ Kxg7 34. Qd4+ Kh7 35. Rdc1 Qxg3 36. Rxf7+ Rxf7 37. Rc8 Qe5 38. Qxe5 dxe5 39. Ne3 Rd7 40. Rc6 Kg7 41. Re6 Bf7 42. Rxe5 Kf6 43. Rf5+ Ke7 44. a3 Rd6 45. Kf2 Rf6 46. Kg3 Rd6 47. f4 gxf4+ 48. Kxf4 Rg6 49. Ke5 Be8 50. Nc4 Bd7 51. d6+ Ke8 52. Rf4 b5 53. Nd2 Rg5+ 54. Kf6 Rd5 55. Ne4 h5 56. Kg6 Re5 57. Kg7 Kd8 58. Nf6 Bg4 59. a4 Re6 60. Rd4 bxa4 61. Kf7 Re2 62. Rb4 Be6+ 63. Kg6 Kc8 64. Kxh5 Rd2 65. Ne4 Rd5+ 66. Kh4 Bf5 67. Rxa4 1/2-1/2

[Event "UZB-ch Men Final 2019"]
[Site "Tashkent"]
[Date "2019.07.05"]
[Round "4.4"]
[White "Saydaliev, Saidakbar"]
[Black "Nigmatov, Ortik"]
[Result "1-0"]
[ECO "B81"]
[WhiteElo "2384"]
[BlackElo "2488"]
[Annotator "ChessBase"]
[PlyCount "55"]
[EventDate "2019.07.02"]
[EventType "tourn"]
[EventCountry "UZB"]
[SourceTitle "playchess.com"]
[Source "ChessBase"]
[SourceQuality "1"]
[TimeControl "5400+30"]

1. e4 c5 2. Nf3 d6 3. d4 Nf6 4. Nc3 cxd4 5. Nxd4 e6 6. g4 h6 7. h4 h5 8. gxh5 Rxh5 9. Bg5 Rh8 10. Qd2 a6 11. O-O-O Nbd7 12. f4 Qc7 13. Bh3 Nb6 14. e5 dxe5 15. fxe5 Nfd5 16. Nxd5 Nxd5 17. Bg2 Bc5 18. Nb3 Bb6 19. Kb1 Bd7 20. h5 Rc8 21. c3 Bc6 22. c4 Nb4 23. Bxc6+ Nxc6 24. h6 gxh6 25. Bf6 Rg8 26. c5 Ba7 27. Qxh6 Nxe5 28. Qg7 1-0

[Event "UZB-ch Men Final 2019"]
[Site "Tashkent"]
[Date "2019.07.05"]
[Round "4.5"]
[White "Karimov, Ibragim"]
[Black "Khoroshev, Nikita"]
[Result "1-0"]
[ECO "A85"]
[WhiteElo "2211"]
[BlackElo "2414"]
[Annotator "NA"]
[PlyCount "73"]
[EventDate "2019.07.02"]
[EventType "tourn"]
[EventCountry "UZB"]
[SourceTitle "playchess.com"]
[Source "ChessBase"]
[SourceQuality "1"]
[TimeControl "5400+30"]

1. d4 f5 2. c4 Nf6 3. Nc3 g6 4. h4 Bg7 5. Bg5 c5 6. d5 Qa5 7. Qd2 h6 8. Bf4 d6 9. e3 Na6 10. Rc1 b5 11. cxb5 Nc7 12. Bc4 a6 13. b6 Qxb6 14. a3 Qa5 15. Nge2 Bb7 16. Rd1 Nb5 17. O-O O-O 18. e4 Nd4 19. Bxh6 Nxe4 20. Nxe4 Qxd2 21. Bxd2 fxe4 22. Bg5 e6 23. Nc3 Rf5 24. Nxe4 exd5 25. Nxd6 dxc4 26. Nxb7 Ne2+ 27. Kh1 Raf8 28. g4 Rf3 29. Kg2 Bd4 30. Be3 c3 31. bxc3 Nxc3 32. Bxd4 cxd4 33. Rxd4 Nb5 34. Ra4 Nxa3 35. Rxa6 Kh7 36. Nc5 Nc4 37. Ne6 1-0